Map: Ulrena

Players

LilDicky

  • Race: Terran Terran
  • League: Diamond

Beholder - Winner!

  • Race: Terran Terran
  • League: Diamond

VOD

http://www.twitch.tv/tumescentpie

Description

Time

  • Played on: Dec. 8, 2015, 10:05 a.m.
  • Length: 5:43
Show
View Real Time Build Order
Export as new Build Order

LilDicky Terran 

Build Orders: Banshee Rush 

Get SALT Encoding   

  12  0:01  SCV  
  13  0:13  SCV  
  14  0:17  Supply Depot  
  14  0:26  SCV  
  15  0:30  Refinery  
  15  0:39  SCV  
  16  0:45  Barracks  
  16  0:51  SCV  
  17  1:03  SCV  
  18  1:16  SCV  
  20  1:33  Supply Depot  
  20  1:36  Orbital Command  
  20  1:39  Refinery  
  20  1:41  Marine  
  20  1:46  Factory  
  20  1:59  Marine  
  21  2:02  SCV  
  22  2:14  SCV  
  23  2:22  Marine  
  23  2:40  Marine  
  24  2:53  Factory Tech Lab  
  24  2:55  Starport  
  24  2:58  SCV, Supply Depot, Marine  
  26  3:10  SCV  
  26  3:12  Command Center  
  27  3:16  Marine  
  28  3:22  SCV  
  29  3:35  SCV  
  29  3:41  Banshee, Cloaking Field, Supply Depot  
  33  3:44  Engineering Bay  
  33  3:47  Marine  
  34  3:50  Widow Mine  
  30  4:10  Marine  
  30  4:28  Marine  
  30  4:46  Marine  
  22  5:04  Marine  
  26  5:22  Marine  
Show
View Real Time Build Order
Export as new Build Order

Beholder Terran - Winner!

Build Orders: Liberator Opening 

Get SALT Encoding   

  12  0:01  SCV  
  13  0:13  SCV  
  14  0:18  Supply Depot  
  14  0:25  SCV  
  15  0:39  SCV  
  15  0:41  Barracks  
  16  0:46  Refinery  
  16  0:51  SCV  
  16  0:55  Refinery  
  17  1:03  SCV  
  18  1:15  SCV  
  19  1:27  Reaper  
  19  1:28  Orbital Command  
  19  1:31  Supply Depot  
  20  1:53  SCV  
  21  1:55  Factory  
  21  2:05  Barracks Reactor, SCV  
  21  2:06  Supply Depot  
  22  2:24  SCV  
  23  2:38  SCV  
  24  2:44  Starport  
  24  2:50  SCV  
  25  2:52  Barracks Reactor  
  25  2:54  Hellion x2  
  29  2:59  Supply Depot  
  29  3:15  Hellion x2  
  29  3:17  Liberator  
  29  3:18  Liberator  
  33  3:33  Supply Depot  
  33  3:36  Hellion  
  33  3:37  Hellion  
  43  3:56  Supply Depot  
  41  4:12  Hellion x2  
  45  4:17  Viking  
  45  4:18  Viking  
  49  4:26  Supply Depot  
  49  4:30  Liberator x2  
  46  4:49  Hellion x2  
  53  5:11  Hellion x2  
Tags
 
Add a new tag
Caveats
  • Supply blocks, unpowered buildings, or Contaminate may cause inaccurate times.
  • Supply counts are checked every 10 seconds.